AoeStats
← Mr.Razorski

MegaRandom

509738750Analyzed
4v4 RM · 4d ago on Sep 27, 2026· 69m 23s· 8 players
Game mode
Random Map
Map size
Large (8 player)
Population
200
Speed
Normal
Resources
Standard
Victory
Conquest
Starting age
Dark Age
Ending age
Imperial Age
RankedLock teamsTeams togetherTeam positionsShared explorationLock speedFull tech treeHidden civsTurbo modeCheats
Victory
Defeat
🇩🇰 Poles · Denmark
1170
+12
🇩🇪 Varangians · Germany
1109
+15
🇫🇷 Byzantines · France
1088
+16
🇵🇱 Goths · Poland
1062
+16
🇬🇧 Shu · United Kingdom
1119
-16
🇺🇸 Japanese · United States
1094
-15
🇨🇴 Huns · Colombia
1067
-14
🇲🇽 Saxons · Mexico
1056
-14
Mr.Razorski
10:59 Feudal Age
11:34 Horse Collar
11:43 Double-Bit Axe
14:09 Loom
21:17 Castle Age
20:08 Scale Barding Armor
20:14 Forging
20:16 Gold Mining
21:11 Bloodlines
22:07 Husbandry
29:07 Szlachta Privileges
30:25 Light Cavalry
32:47 Chain Barding Armor
33:03 Iron Casting
38:58 Imperial Age
37:04 Wheelbarrow
38:58 Cavalier
40:36 Hand Cart
40:25 Heavy Plow
40:39 Bow Saw
44:47 Conscription
45:29 Chemistry
44:50 Ballistics
46:09 Scale Mail Armor
48:47 Winged Hussar
49:55 Lechitic Legacy
52:22 Elite Obuch
58:41 Caravan
63:51 Fletching
64:01 Padded Archer Armor
64:19 Chain Mail Armor
66:48 Plate Mail Armor
Iribaar
7:08 Loom
10:20 Feudal Age
12:45 Double-Bit Axe
20:07 Bloodlines
24:58 Castle Age
23:06 Scale Barding Armor
23:12 Forging
23:58 Fletching
24:53 Horse Collar
25:05 Gold Mining
25:45 Husbandry
26:07 Chain Barding Armor
26:29 Scale Mail Armor
28:07 Bow Saw
29:09 Heavy Plow
32:40 Bodkin Arrow
33:01 Chain Mail Armor
33:22 Iron Casting
32:51 Stone Mining
33:57 Squires
34:51 Wheelbarrow
34:02 Town Watch
36:36 Stone Shaft Mining
38:56 Iron Casting
38:32 Husbandry
41:10 Murder Holes
42:25 Gambesons
42:25 Arson
43:35 Ballistics
48:13 Imperial Age
45:13 Man-at-Arms
46:56 Long Swordsman
48:16 Two-Handed Swordsman
48:18 Elite Varangian Guard
50:06 Conscription
53:42 Treadmill Crane
55:38 Hand Cart
58:46 Town Patrol
58:18 Pikeman
59:28 Cavalier
59:31 Light Cavalry
62:22 Guilds
62:14 Caravan
63:30 Chemistry
62:36 Siege Engineers
62:42 Masonry
66:32 Capped Ram
68:13 Halberdier
68:20 Siege Ram
cris
11:37 Feudal Age
9:57 Loom
21:57 Castle Age
20:53 Scale Mail Armor
22:06 Forging
24:06 Wheelbarrow
24:24 Double-Bit Axe
26:49 Stone Mining
31:02 Fletching
32:25 Bodkin Arrow
32:30 Padded Archer Armor
33:10 Hand Cart
35:33 Imperial Age
32:55 Crossbowman
33:52 Thumb Ring
33:08 Elite Skirmisher
34:49 Ballistics
36:49 Bracer
37:05 Leather Archer Armor
38:25 Chemistry
38:52 Conscription
39:20 Bow Saw
38:55 Horse Collar
40:16 Ring Archer Armor
43:26 Pikeman
45:59 Murder Holes
47:12 Halberdier
50:04 Iron Casting
49:45 Chain Mail Armor
50:12 Heavy Plow
52:56 Caravan
53:27 Coinage
53:11 Squires
54:16 Bombard Tower
53:23 Capped Ram
54:37 Siege Ram
56:52 Arson
57:40 Plate Mail Armor
57:44 Conscription
60:51 Treadmill Crane
61:22 Fortified Wall
63:16 Banking
62:56 Guilds
xMattAdore
0:35 Loom
13:11 Feudal Age
21:14 Castle Age
18:57 Horse Collar
19:07 Double-Bit Axe
22:06 Bow Saw
21:48 Pikeman
30:36 Man-at-Arms
33:47 Forging
33:37 Scale Mail Armor
33:28 Fletching
34:19 Anarchy
34:36 Long Swordsman
35:20 Squires
36:00 Iron Casting
35:40 Chain Mail Armor
38:58 Imperial Age
37:37 Heavy Plow
38:41 Town Watch
39:32 Wheelbarrow
39:43 Perfusion
40:04 Conscription
40:48 Blast Furnace
40:44 Gold Mining
40:45 Stone Mining
40:35 Two-Handed Swordsman
41:08 Elite Huskarl
45:06 Caravan
47:16 Town Patrol
47:36 Hand Cart
46:56 Champion
55:57 Halberdier
63:54 Two-Man Saw
NikoNikoNiiUwUQueen
7:02 Loom
9:37 Feudal Age
10:13 Double-Bit Axe
10:28 Horse Collar
19:57 Wheelbarrow
23:38 Castle Age
24:36 Hand Cart
24:22 Man-at-Arms
24:47 Gambesons
25:06 Squires
24:51 Arson
25:18 Scale Mail Armor
25:29 Forging
25:32 Heavy Plow
25:32 Long Swordsman
26:13 Pikeman
28:37 Caravan
47:08 Chain Mail Armor
47:49 Forging
64:46 Iron Casting
Spicy Meatball
12:19 Feudal Age
13:13 Double-Bit Axe
13:42 Horse Collar
15:56 Loom
21:17 Castle Age
20:30 Scale Mail Armor
23:51 Bow Saw
24:23 Heavy Plow
28:44 Caravan
29:08 Pikeman
29:49 Squires
33:07 Gambesons
34:56 Chain Mail Armor
35:36 Wheelbarrow
35:04 Gold Mining
35:05 Stone Mining
35:41 Arson
36:41 Hand Cart
39:17 Imperial Age
38:08 Forging
39:23 Halberdier
41:00 Plate Mail Armor
41:06 Iron Casting
40:38 Elite Samurai
41:58 Kataparuto
42:48 Man-at-Arms
51:23 Elite Skirmisher
52:09 Thumb Ring
51:58 Fletching
58:12 Blast Furnace
64:47 Bodkin Arrow
(ATARB)TheWitcher32
5:12 Loom
10:52 Feudal Age
25:00 Castle Age
23:34 Gold Mining
23:43 Horse Collar
24:37 Fletching
24:48 Stone Mining
25:22 Padded Archer Armor
25:53 Pikeman
27:19 Crossbowman
35:27 Bodkin Arrow
47:54 Heavy Plow
48:53 Scale Barding Armor
55:50 Light Cavalry
58:48 Double-Bit Axe
60:01 Forging
62:39 Squires
68:21 Bow Saw
Natty_Longshanks
10:20 Feudal Age
10:24 Loom
10:56 Double-Bit Axe
10:58 Horse Collar
12:21 Horse Collar
18:49 Castle Age
18:11 Fletching
20:19 Bow Saw
22:36 Wheelbarrow
22:58 Heavy Plow
23:13 Padded Archer Armor
23:29 Gold Mining
24:47 Crossbowman
25:23 Bodkin Arrow
26:05 Leather Archer Armor
25:53 Stone Mining
26:57 Town Watch
27:43 Ballistics
28:22 Gold Shaft Mining
29:26 Hand Cart
33:34 Imperial Age
31:49 Thumb Ring
32:45 Pikeman
33:26 Scale Mail Armor
34:19 Bracer
34:45 Arbalester
36:45 Squires
36:08 Elite Skirmisher
36:19 Light Cavalry
37:14 Gambesons
37:48 Husbandry
38:34 Caravan
47:25 Scale Barding Armor
47:31 Forging
49:11 Chemistry
48:23 Masonry
49:44 Chain Barding Armor
50:14 Conscription
51:44 Plate Barding Armor
65:14 Two-Man Saw
66:30 Ring Archer Armor
Connection lost

Rejoining the realm…

Still unreachable

The connection could not be restored.

Session expired

The server has moved on; the page needs a fresh start.